 Dungeon Crawl Stone Soup version 0.22-a0-830-gf552829 (webtiles) character file.

3311 zishaf the Thaumaturge (level 10, -9/109 HPs)
             Began as a Gnoll Wizard on July 25, 2018.
             Was a Follower of Sif Muna.
             Killed from afar by a hell hound (13 damage)
             ... with a blast of flame
             ... on level 8 of the Dungeon.
             The game lasted 00:35:11 (9891 turns).

zishaf the Thaumaturge (Gnoll Wizard)               Turns: 9891, Time: 00:35:11

Health: -9/109     AC: 25    Str:  9    XL:     10   Next: 1%
Magic:  9/22       EV:  2    Int: 26    God:    Sif Muna [*.....]
Gold:   399        SH:  0    Dex: 14    Spells: 7/26 levels left

rFire    . . .     SeeInvis .   u - +4 short sword
rCold    . . .     Gourm    .   (no shield)
rNeg     + + +     Faith    .   (armour currently unavailable)
rPois    +         Spirit   .   (helmet currently unavailable)
rElec    .         Reflect  .   (cloak currently unavailable)
rCorr    .         Harm     .   (gloves currently unavailable)
MR       .....     NoTele   +   (boots currently unavailable)
Stlth    +++.......             H - amulet of magic regeneration
HPRegen  0.28/turn              r - +2 ring of intelligence
MPRegen  0.43/turn              z - ring of flight

@: tree-form
A: distributed training, strong nose
a: Divine Energy, Renounce Religion


You were on level 8 of the Dungeon.
You worshipped Sif Muna.
Sif Muna was aware of your devotion.
You were not hungry.
You were a tree.
You visited 2 branches of the dungeon, and saw 9 of its levels.
You also visited: Sewer.

You collected 399 gold pieces.

Inventory:

Hand Weapons
 f - a -1 dagger
 u - a +4 short sword (weapon)
 y - a -2 eveningstar
Armour
 a - a +0 cloak (melded)
 b - a +0 hat (melded)
 q - +0 steam dragon scales (melded)
 x - the +1 scale mail of Niumull {+Fly rC+ Regen+ Dex+4}
   (You found it on level 6 of the Dungeon)

   It affects your dexterity (+4).
   It protects you from cold.
   It lets you fly.
   It increases your rate of regeneration.
Jewellery
 i - an uncursed amulet of regeneration
 r - a +2 ring of intelligence (left branch)
 z - a ring of flight (right branch)
 H - an amulet of magic regeneration (around neck)
Scrolls
 c - 6 scrolls of magic mapping
 g - a scroll of immolation
 h - 4 scrolls of teleportation
 n - 3 scrolls of remove curse
 w - a scroll of blinking
 G - a scroll of silence {unknown}
 I - a scroll of enchant weapon {unknown}
Potions
 e - a potion of curing {unknown}
 k - 4 potions of lignification
 l - 2 potions of magic
 o - 2 potions of haste {unknown}
 p - a potion of invisibility
 s - a potion of brilliance
 t - 3 potions of heal wounds {unknown}
 v - a potion of agility
 A - a potion of might
 B - a potion of ambrosia
 C - 2 potions of mutation {unknown}
 E - a potion of resistance {unknown}
 F - a potion of berserk rage
Comestibles
 d - 22 rations
 j - 2 chunks of flesh


   Skills:
 + Level 4.7 Fighting
 + Level 4.7 Short Blades
 + Level 4.7 Long Blades
 + Level 4.7 Axes
 + Level 4.7 Maces & Flails
 + Level 4.7 Polearms
 + Level 4.7 Staves
 + Level 4.7 Slings
 + Level 4.7 Bows
 + Level 4.7 Crossbows
 + Level 4.7 Throwing
 + Level 4.7 Armour
 + Level 6.6 Dodging
 + Level 6.4 Stealth
 + Level 4.7 Shields
 + Level 4.7 Unarmed Combat
 + Level 8.6 Spellcasting
 + Level 4.5 Conjurations
 + Level 3.9 Hexes
 + Level 3.9 Charms
 + Level 4.5 Summonings
 + Level 3.9 Necromancy
 + Level 4.5 Translocations
 + Level 3.9 Transmutations
 + Level 3.9 Fire Magic
 + Level 3.9 Ice Magic
 + Level 3.9 Air Magic
 + Level 3.9 Earth Magic
 + Level 3.9 Poison Magic
 + Level 5.2 Invocations
 + Level 4.7 Evocations


You had 7 spell levels left.
You knew the following spells:

 Your Spells              Type           Power        Failure   Level  Hunger
a - Magic Dart            Conj           ####         1%          1    None
b - Call Imp              Summ           ####....     1%          2    None
c - Blink                 Tloc           N/A          1%          2    None
d - Mephitic Cloud        Conj/Pois/Air  ####....     3%          3    None
e - Ozocubu's Armour      Chrm/Ice       ####....     3%          3    None
f - Iskenderun's Mystic   Conj           ####....     9%          4    ##.....
g - Summon Ice Beast      Ice/Summ       ####....     10%         4    ##.....

Your spell library contained the following spells:

 Spells                   Type           Power        Failure   Level  Hunger
 Conjure Flame            Conj/Fire      ####....     2%          3    None
 Slow                     Hex            ####....     1%          2    None
 Throw Frost              Conj/Ice       ####..       1%          2    None
 Freeze                   Ice            ####         1%          1    None
 Throw Icicle             Conj/Ice       ####....     10%         4    ##.....
 Fulminant Prism          Conj/Hex       ####......   10%         4    ##.....
 Dazzling Spray           Conj/Hex       ####..       2%          3    None
 Force Lance              Conj/Tloc      ####....     9%          4    ##.....
 Searing Ray              Conj           ####..       1%          2    None


Dungeon Overview and Level Annotations

Branches:
Dungeon (8/15)             Temple (1/1) D:6
   Lair: D:8-11

Altars:
Ashenzari
Cheibriados
Dithmenos
Elyvilon
Fedhas
Gozag
Hepliaklqana
Kikubaaqudgha
Makhleb
Nemelex Xobeh
Okawaru
Qazlal
Ru
Sif Muna
Trog
Uskayaw
Vehumet
Wu Jian
Xom
Yredelemnul
Zin
The Shining One


Innate Abilities, Weirdness & Mutations

Your experience applies equally to all skills.
((You have very sharp teeth.))
Your uncanny sense of smell can sniff out nearby items.


Message History

* * * LOW HITPOINT WARNING * * *
The fire bat misses you.
The hell hound bites you but does no damage.
The fire bat completely misses you.
The hell hound bites you but does no damage.
The fire bat closely misses you. The fire bat misses you. x2
Casting: Blink (safe; 1% risk of failure)
Confirm with . or Enter, or press ? or * to list all spells.
You blink.
Your ice beast hits the fire vortex.
Your ice beast freezes the fire vortex!!
The fire vortex is frozen!
It was a potion of lignification.
You turn into a tree.
Your +0 cloak melds into your body.
Your +0 hat melds into your body.
Your +0 steam dragon scales melds into your body.
Your roots penetrate the ground.
The fire bat bites you but does no damage.
The hell hound breathes flames at you.
The blast of flame hits the fire bat.
The fire bat completely resists.
The blast of flame hits you!
You die...

.........'.........'.......
###...#.##.........####....
##.##.###.......## #.###
###### ##.....## #.#
#≈..##S.#....## #.#
#.≈..#"S###..# #.#
#.≈§..#####..## #.###
#.≈≈h.b##.....######....
#.≈vv.b♣#.........#####.
#§v≈≈≈bb#.#######.# #.
##Y.....≈#.# #.# #.
#Y########.# #.#####.
#..YY.Y....# #.......
##########.# #.###### #.#
#.# #.#######.# #.........#


You could see 3 fire vortices, a hell hound, 4 fire bats and 2 friendly ice
beasts.

Vanquished Creatures
  2 hippogriffs (D:7)
  Sigmund (D:6)
  A human (D:7)
  A water moccasin (D:6)
  A phantom (D:7)
  A sky beast (D:6)
  2 centaurs
  An ogre (D:7)
  A bullfrog (Sewer)
  A water moccasin skeleton (D:6)
  6 scorpions
  A crimson imp (D:7)
  2 hounds
  6 orc wizards
  An orc priest (D:5)
  3 worker ants
  A killer bee zombie (D:7)
  A hound zombie (D:6)
  A hound skeleton (D:6)
  A howler monkey skeleton (D:6)
  16 adders
  5 river rats (D:5)
  A shadow imp (D:6)
  An ooze (D:2)
  An adder skeleton (D:5)
  3 worms
  6 dart slugs
  8 leopard geckos
  15 orcs
  13 giant cockroaches
  10 goblins
  7 hobgoblins
  7 jackals
  2 quokkas
  4 ball pythons
  16 bats
  9 frilled lizards
  A jackal skeleton (D:6)
  8 kobolds
  2 quokka skeletons
  8 rats
178 creatures vanquished.

Vanquished Creatures (collateral kills)
  Joseph (D:8)
  The ghost of aubilenon the Changer, a novice OpTm (D:5)
  Grinder (D:5)
  4 hogs (D:7)
  An ogre (D:8)
  A bullfrog (D:7)
  A scorpion (D:6)
  5 wights (D:7)
  3 orc priests
  A worker ant (D:4)
  4 gnolls (D:2)
  An adder (D:4)
  A worm (D:5)
  7 orcs
  A giant cockroach (D:4)
33 creatures vanquished.

Vanquished Creatures (others)
  17 fungi (D:6)
17 creatures vanquished.

Grand Total: 228 creatures vanquished

Notes
Turn   | Place    | Note
-------+----------+-------------------------------------------
     0 | D:1      | zishaf the Gnoll Wizard began the quest for the Orb.
     0 | D:1      | Reached XP level 1. HP: 13/13 MP: 8/8
   146 | D:1      | Reached XP level 2. HP: 19/19 MP: 7/10
   150 | D:1      | Learned a level 2 spell: Blink
   153 | D:1      | Learned a level 2 spell: Call Imp
   454 | D:1      | Reached XP level 3. HP: 19/25 MP: 11/11
  1012 | D:1      | Reached skill level 1 in Invocations
  1296 | D:2      | Reached skill level 1 in Fighting
  1296 | D:2      | Reached skill level 1 in Short Blades
  1296 | D:2      | Reached skill level 1 in Long Blades
  1296 | D:2      | Reached skill level 1 in Axes
  1296 | D:2      | Reached skill level 1 in Maces & Flails
  1296 | D:2      | Reached skill level 1 in Polearms
  1296 | D:2      | Reached skill level 1 in Staves
  1296 | D:2      | Reached skill level 1 in Slings
  1296 | D:2      | Reached skill level 1 in Bows
  1296 | D:2      | Reached skill level 1 in Crossbows
  1296 | D:2      | Reached skill level 1 in Throwing
  1296 | D:2      | Reached skill level 1 in Armour
  1296 | D:2      | Reached skill level 1 in Shields
  1296 | D:2      | Reached skill level 1 in Unarmed Combat
  1296 | D:2      | Reached skill level 1 in Evocations
  1296 | D:2      | Reached XP level 4. HP: 31/32 MP: 5/13
  1940 | D:2      | Reached skill level 1 in Hexes
  1940 | D:2      | Reached skill level 1 in Charms
  1940 | D:2      | Reached skill level 1 in Necromancy
  1940 | D:2      | Reached skill level 1 in Transmutations
  1940 | D:2      | Reached skill level 1 in Fire Magic
  1940 | D:2      | Reached skill level 1 in Ice Magic
  1940 | D:2      | Reached skill level 1 in Air Magic
  1940 | D:2      | Reached skill level 1 in Earth Magic
  1940 | D:2      | Reached skill level 1 in Poison Magic
  2380 | D:3      | Reached XP level 5. HP: 37/37 MP: 6/14
  3472 | D:4      | Reached XP level 6. HP: 41/44 MP: 9/16
  3811 | D:5      | Entered Level 5 of the Dungeon
  4031 | D:5      | Reached skill level 5 in Dodging
  4229 | D:5      | Found a glowing drain.
  4237 | Sewer    | Entered a sewer
  4576 | Sewer    | Reached XP level 7. HP: 40/50 MP: 10/18
  5028 | D:5      | Learned a level 3 spell: Mephitic Cloud
  5032 | D:5      | Learned a level 3 spell: Ozocubu's Armour
  5177 | D:5      | Noticed Grinder
  5205 | D:5      | Killed Grinder
  5575 | D:5      | Found a runed gate.
  5575 | D:5      | Found a runed gate.
  5575 | D:5      | Found a runed gate.
  5575 | D:5      | Noticed aubilenon's ghost (novice OpTm)
  5661 | D:5      | Killed aubilenon's ghost
  5661 | D:5      | Reached skill level 5 in Stealth
  5661 | D:5      | Reached XP level 8. HP: 57/57 MP: 1/19
  6231 | D:6      | Learned a level 4 spell: Iskenderun's Mystic Blast
  6236 | D:6      | Learned a level 4 spell: Summon Ice Beast
  6562 | D:6      | Reached skill level 8 in Spellcasting
  6697 | D:6      | Found a staircase to the Ecumenical Temple.
  6732 | Temple   | Entered the Ecumenical Temple
  6811 | Temple   | Became a worshipper of Sif Muna the Loreminder
  6955 | D:6      | Got a brightly glowing scale mail
  6966 | D:6      | Identified the +1 scale mail of Niumull {+Fly rC+ Regen+ Dex+4} (You found it on level 6 of the Dungeon)
  7556 | D:6      | Noticed Sigmund
  7682 | D:6      | Reached XP level 9. HP: 65/65 MP: 8/21
  8065 | D:6      | Killed Sigmund
  8219 | D:7      | Reached * piety under Sif Muna
  9271 | D:7      | Reached skill level 5 in Invocations
  9620 | D:8      | Noticed Joseph
  9660 | D:8      | Killed Joseph
  9660 | D:8      | Reached XP level 10. HP: 55/73 MP: 15/22
  9729 | D:8      | Found a shattered altar of Ashenzari.
  9889 | D:8      | HP: 2/73 [something (26)]
  9891 | D:8      | Killed from afar by a hell hound

Vault maps used:
D:1:      ncdulo_halloftheorcs, minmay_heptomino_d4
D:2:      serial_corexii_hall, corexii_hall_statues_s, corexii_hall_statues_i,
          corexii_hall_statues_u, corexii_hall_statues_x,
          corexii_hall_statues_s, corexii_hall_statues_i
D:5:      lightli_sewer_entry_pipes, ebering_ghost_rock_garden, first_ration,
          uniq_grinder
D:6:      old_forge, minmay_temple_entry_junction, uniq_sigmund
D:7:      hex_large, grunt_livestock, nrook_pool_corridor
D:8:      lemuel_insect_pit, cheibrodos_ashenzari_chains, hangedman_incinerator,
          uniq_joseph
Temple:   grunt_wide_crystal_templ
Sewer:    sewer_frog_island_01

Skill      XL: |  1  2  3  4  5  6  7  8  9 |
---------------+----------------------------+-----
Conjurations   | 2 3 4 |  4.5
Summonings     | 2 3 4 |  4.5
Translocations | 2 3 4 |  4.5
Invocations    | 1 2 3 4 5 |  5.2
Fighting       | 1 2 3 4 |  4.7
Short Blades   | 1 2 3 4 |  4.7
Long Blades    | 1 2 3 4 |  4.7
Axes           | 1 2 3 4 |  4.7
Maces & Flails | 1 2 3 4 |  4.7
Polearms       | 1 2 3 4 |  4.7
Staves         | 1 2 3 4 |  4.7
Slings         | 1 2 3 4 |  4.7
Bows           | 1 2 3 4 |  4.7
Crossbows      | 1 2 3 4 |  4.7
Throwing       | 1 2 3 4 |  4.7
Armour         | 1 2 3 4 |  4.7
Shields        | 1 2 3 4 |  4.7
Unarmed Combat | 1 2 3 4 |  4.7
Evocations     | 1 2 3 4 |  4.7
Hexes          | 1 2 3 |  3.9
Charms         | 1 2 3 |  3.9
Necromancy     | 1 2 3 |  3.9
Transmutations | 1 2 3 |  3.9
Fire Magic     | 1 2 3 |  3.9
Ice Magic      | 1 2 3 |  3.9
Air Magic      | 1 2 3 |  3.9
Earth Magic    | 1 2 3 |  3.9
Poison Magic   | 1 2 3 |  3.9
Dodging        | 5 6 |  6.6
Stealth        | 5 6 |  6.4
Spellcasting   | 8 |  8.6

Action                   |  1- 3 |  4- 6 |  7- 9 | 10-12 || total
-------------------------+-------+-------+-------+-------++-------
Melee: Unarmed           |     1 |       |       |       ||     1
       Mace              |     9 |       |       |       ||     9
       Whip              |     3 |       |       |       ||     3
       Bite              |     1 |     2 |     1 |       ||     4
       Dagger            |       |    41 |    21 |       ||    62
       Short sword       |       |       |    13 |       ||    13
 Cast: Magic Dart        |    76 |   235 |   312 |       ||   623
       Blink             |     1 |     2 |     2 |     5 ||    10
       Call Imp          |       |    15 |    14 |       ||    29
       Mephitic Cloud    |       |       |    12 |       ||    12
       Ozocubu's Armour  |       |       |     2 |       ||     2
       Summon Ice Beast  |       |       |    23 |     5 ||    28
       Iskenderun's Myst |       |       |     7 |       ||     7
  Use: Scroll            |       |     4 |    10 |       ||    14
       Potion            |       |       |       |     1 ||     1
 Stab: Sleeping          |     2 |       |       |       ||     2
       Distracted        |       |       |     1 |       ||     1
  Eat: Chunk             |     1 |    10 |    13 |     1 ||    25
       Ration            |       |       |     1 |       ||     1
Armor: Robe              |     7 |       |       |       ||     7
       Steam dragon scal |       |    25 |    53 |     6 ||    84
       Skin              |       |       |       |     1 ||     1
Dodge: Dodged            |    29 |    84 |   134 |    10 ||   257

Table legend:
 A = Spawn XP
 B = Non-spawn XP
 C = Spawn XP percentage of total XP
 D = Spawn monster count
 E = Non-spawn monster count
 F = Spawn count percentage of total count
 G = Total turns spent on level
                    A         B        C        D         E        F      G
               +---------+---------+-------+---------+---------+-------+---------
         Total |       0 |    4731 |   0.0 |       0 |     211 |   0.0 |  9891
               +---------+---------+-------+---------+---------+-------+---------
           D:1 |       0 |      61 |   0.0 |       0 |      34 |   0.0 |  1293
           D:2 |       0 |      76 |   0.0 |       0 |      19 |   0.0 |   909
           D:3 |       0 |      91 |   0.0 |       0 |      29 |   0.0 |   855
           D:4 |       0 |     141 |   0.0 |       0 |      15 |   0.0 |   754
           D:5 |       0 |     889 |   0.0 |       0 |      27 |   0.0 |  1859
           D:6 |       0 |    1442 |   0.0 |       0 |      46 |   0.0 |  1843
           D:7 |       0 |    1604 |   0.0 |       0 |      23 |   0.0 |  1339
           D:8 |       0 |     277 |   0.0 |       0 |       3 |   0.0 |   362
         Sewer |       0 |     150 |   0.0 |       0 |      15 |   0.0 |   588
               +---------+---------+-------+---------+---------+-------+---------
